 Dungeon Crawl Stone Soup version 0.27.0-1-g7a089689b8 (webtiles) character file.

Game seed: 8159708672061978860

272 Crownlay the Cleaver (level 6, -2/51 HPs)
             Began as a Hill Orc Fighter on Aug 13, 2021.
             Slain by an iron imp (8 damage)
             ... on level 3 of the Dungeon.
             The game lasted 00:03:55 (2566 turns).

Crownlay the Cleaver (Hill Orc Fighter)             Turns: 2566, Time: 00:03:56

Health: -2/51      AC:  6    Str: 21    XL:     6   Next: 23%
Magic:  6/6        EV:  9    Int:  8    God:
Gold:   89         SH:  0    Dex: 10    Spells: 5/5 levels left

rFire    . . .     SeeInvis .   a - +0 war axe
rCold    . . .     Faith    .   (no shield)
rNeg     . . .     Spirit   .   b - +0 scale mail
rPois    .         Reflect  .   (no helmet)
rElec    .         Harm     .   (no cloak)
rCorr    .         Rampage  .   (no gloves)
Will     .....                  (no boots)
Stlth    ..........             (no amulet)
HPRegen  0.17/turn              (no ring)
MPRegen  0.10/turn              (no ring)

@: hasted, very quick
A: no striking features
a: no special abilities


You were on level 3 of the Dungeon.
You visited 1 branch of the dungeon, and saw 4 of its levels.

You collected 89 gold pieces.

Inventory:

Hand Weapons
 a - a +0 war axe (weapon)
Armour
 b - a +0 scale mail (worn)
 c - a +0 kite shield
Scrolls
 d - a scroll of noise {unknown}
 e - 3 scrolls of identify {unknown}
 f - a scroll of fog {unknown}
 g - a scroll of acquirement {unknown}
 h - a scroll of holy word {unknown}
 i - 2 scrolls of enchant weapon {unknown}
 l - a scroll of immolation {unknown}
 m - a scroll of teleportation {unknown}
Potions
 k - a potion of mutation {unknown}


   Skills:
 - Level 3.6 Fighting
 + Level 8.4 Axes
 - Level 3.2 Armour
 - Level 3.2 Shields


You had 5 spell levels left.
You didn't know any spells.
Your spell library contained the following spells:

 Spells                   Type           Power      Damage    Failure   Level
 Corpse Rot               Necr/Air       N/A        N/A       87%         2
 Poisonous Vapours        Pois/Air       0%         N/A       87%         2
 Freezing Cloud           Conj/Ice/Air   0%         6-21      100%        5


Dungeon Overview and Level Annotations

Branches:
Dungeon (4/15)
 Temple: D:4-7

Altars:
Makhleb


Message History

The iron imp is heavily wounded.
The iron imp hits you.
You hit the iron imp but do no damage.
The iron imp is heavily wounded.
The iron imp hits you.
* * * LOW HITPOINT WARNING * * *
You hit the iron imp.
The iron imp is severely wounded.
The iron imp hits you!
* * * LOW HITPOINT WARNING * * *
You closely miss the iron imp.
The iron imp is severely wounded.
The iron imp barely misses you.
Unknown command.
It was a potion of haste.
You feel yourself speed up. The iron imp closely misses you.
Okay, then.
You slash the iron imp!
You kill the iron imp!
Your Axes skill increases to level 8!
You have reached level 6!
Your experience leads to an increase in your attributes!
Increase (S)trength, (I)ntelligence, or (D)exterity?
You feel stronger.
You hit the iron imp but do no damage.
The iron imp is heavily wounded.
You barely miss the iron imp.
The iron imp is heavily wounded.
The iron imp hits you but does no damage.
You hit the iron imp.
The iron imp is almost dead.
You closely miss the iron imp.
The iron imp is almost dead.
The iron imp hits you but does no damage.
You slash the iron imp!
You kill the iron imp!
You hit the iron imp.
The iron imp is moderately wounded.
The iron imp hits you!
You die...

#.#.#....<...####
#.#.#.....<..#
#...........[#
....#........#
...###############
...# ..........#
...# .......§§§#
...# §)._...§≈5#
#### §≈.......§§@#
..≈≈.....≈§..#
#...≈≈≈.≈≈≈§§.#
#....≈≈8≈≈....#
#......≈......#
#.............#
#.............#
#.[...........#
#.............#


You could see an iron imp.

Vanquished Creatures
  Sigmund (D:3)
  2 iron imps (D:3)
  2 adders (D:4)
  A dart slug (D:3)
  2 orcs (D:3)
  4 endoplasms
  5 goblins
  4 hobgoblins
  4 quokkas (D:1)
  3 ball pythons
  4 bats
  5 frilled lizards
  7 kobolds
  4 rats
48 creatures vanquished.

Notes
Turn   | Place    | Note
-------+----------+-------------------------------------------
     0 | D:1      | Crownlay the Hill Orc Fighter began the quest for the Orb.
     0 | D:1      | Reached XP level 1. HP: 19/19 MP: 1/1
    22 | D:1      | Reached skill level 3 in Axes
   266 | D:1      | Reached XP level 2. HP: 18/26 MP: 2/2
   471 | D:1      | Reached skill level 4 in Axes
  1092 | D:1      | Reached XP level 3. HP: 31/31 MP: 3/3
  1677 | D:2      | Reached skill level 5 in Axes
  1918 | D:2      | You fall into a shaft and drop 2 floors!
  1989 | D:2      | Reached XP level 4. HP: 37/39 MP: 4/4
  2419 | D:3      | Noticed Sigmund
  2429 | D:3      | Killed Sigmund
  2430 | D:3      | Reached skill level 7 in Axes
  2430 | D:3      | Reached XP level 5. HP: 35/45 MP: 5/5
  2531 | D:3      | Found a burning altar of Makhleb.
  2561 | D:3      | Reached skill level 8 in Axes
  2561 | D:3      | Reached XP level 6. HP: 5/51 MP: 6/6
  2566 | D:3      | Slain by an iron imp

Illustrated notes

Levels and vault maps discovered:
D:1:      dpeg_arrival_tiny_f, layout_basic
D:2:      layout_basic, chequers_serial_rivers_small_b, kennysheep_nondescript,
          serial_bayou_pond_a
D:3:      layout_basic, demons_altar, nicolae_ru_great_annihilating_truth,
          chequers_ecumenical_altar_twisty, minmay_checkerbox, uniq_sigmund
D:4:      gammafunk_wand_slinger, layout_basic, chei_slow_surprise,
          minmay_temple_entry_large_hall, uniq_ijyb

Skill      XL: |  1  2  3  4  5 |
---------------+----------------+-----
Axes           | 3 4 5 7 8 |  8.4
Fighting       | |  3.6
Armour         | |  3.2
Shields        | |  3.2

Action                   |  1- 3 |  4- 6 || total
-------------------------+-------+-------++-------
Melee: War axe           |    97 |    35 ||   132
  Use: Potion            |       |     2 ||     2
Armor: Scale mail        |    41 |    14 ||    55
Dodge: Dodged            |    26 |    18 ||    44
Block: Kite shield       |    35 |       ||    35
